cohdb
Replays
Latest Replays
All Replays
Popular Replays
Top Player Replays
Match Explorer
How It Works
Community
CoH3 Stats
Reddit
Sign in to upload your games and track your stats! →
Sign in with Steam
Match 44144750
Unlisted
Match 44144750
Overview
Messages
Build Orders
End
Scout Squad
Scout Squad
Construct Barracks
Riflemen Squad
Riflemen Squad
Riflemen Squad
Infantry Support Center
Construct Motor Pool
M8 Greyhound Armored Car
Construct Medical Station
M1918 Browning Automatic Rifles
Riflemen Squad
Grenade Package
Engineer Squad
M1 Anti-tank Gun Team
Construct Tank Depot
Selects Airborne Battlegroup
Selects Pathfinders
Selects Paratrooper Squad Paradrop
Selects Anti-tank Gun Team Paradrop
Selects Recon Loiter
Selects Supply Drop
Anti-tank Gun Team Paradrop
M4A1 Sherman Medium Tank
Selects Carpet Bombing Run
Carpet Bombing Run
Recon Loiter
Genki
fabio4516
0
0
Comments
sign in to comment!
No comments posted yet!